 Dungeon Crawl Stone Soup version 0.14-a0-1403-g5d3c58f (webtiles) character file.

13977 Malachi the Cleaver (level 11, 0/87 HPs)
             Began as a Demonspawn Berserker on Dec 10, 2013.
             Was a High Priest of Trog.
             Slain by a polar bear (2 damage)
             ... in an ice cave.
             The game lasted 00:29:36 (11886 turns).

Malachi the Cleaver (Demonspawn Berserker)         Turns: 11886, Time: 00:29:36

HP   0/87        AC 25     Str 20      XL: 11   Next: 76%
MP   4/4         EV  4     Int  9      God: Trog [*****.]
Gold 486         SH  0     Dex 13      Spells:  0 memorised, 10 levels left

rFire  . . .     SeeInvis +     O - +1,+3 executioner's axe (antimagic)
rCold  . . .     Clarity  .     L - +0 orc plate armour
rNeg   . . .     Conserve +     (no shield)
rPois  .         rCorr    .     s - +1 helmet
rElec  .         rRot     .     f - +0 cloak
SustAb . .       Spirit   .     (no gloves)
rMut   .         Warding  .     k - +0 pair of boots
Saprov . . .     Stasis   .     E - amulet of conservation
                                n - ring of see invisible
                                m - +3 ring of protection

@: exhausted, slowed, very slow, somewhat resistant to hostile enchantments,
extremely unstealthy
A: hooves 2, icy blue scales 2, conserve scrolls, demonic guardian 1
a: Burn Spellbooks, Berserk, Trog's Hand, Brothers in Arms, Renounce Religion


You were in an ice cave.
You worshipped Trog.
Trog was extremely pleased with you.
You were hungry.

You visited 2 branches of the dungeon, and saw 11 of its levels.
You also visited: Ice Cave.

You collected 486 gold pieces.

Inventory:

Hand weapons
 a - a +0,-1 hand axe
 h - a +2,+1 dwarven anti-magic battleaxe
 q - the +10,+4 hand axe "Blutseh" {venom, Dex+3}
   (You found it on level 8 of the Dungeon)

   It poisons the flesh of those it strikes.
   It affects your dexterity (+3).
 D - a +2,+2 battleaxe
 H - a +0,+4 anti-magic broad axe
 O - a +1,+3 anti-magic executioner's axe (weapon)
Armour
 f - a +0 cloak (worn)
 k - a +0 pair of boots (worn)
 s - a +1 helmet (worn)
 C - the -3 buckler of Resourcefulness {rElec rPois}
   (You acquired it on level 7 of the Dungeon)

   It insulates you from electricity.
   It protects you from poison.
 L - a +0 orcish plate armour (worn)
Magical devices
 G - a wand of draining (0)
 N - a wand of digging (12)
 Q - a wand of lightning (5)
Comestibles
 c - 5 bread rations
 v - 3 chunks of polar bear flesh
 F - 14 cheeses
 P - a meat ration
Scrolls
 d - 5 scrolls of teleportation
 i - 5 scrolls of remove curse
 o - a scroll of blinking
 r - 2 scrolls of fog
 w - 5 scrolls of identify
 I - a scroll of curse armour
Jewellery
 b - an uncursed ring of flight
 m - a +3 ring of protection (left hand)
 n - a ring of see invisible (right hand)
 E - an amulet of conservation (around neck)
 K - an uncursed amulet of stasis
Potions
 e - a potion of lignification {unknown}
 g - a potion of heal wounds
 j - 2 potions of invisibility {unknown}
 l - 2 potions of restore abilities
 p - a potion of poison {unknown}
 t - a potion of curing
 u - 3 potions of flight {unknown}
 B - a potion of speed


   Skills:
 + Level 8.5 Fighting
 * Level 11.0 Axes
 + Level 8.9 Armour
 + Level 7.9 Dodging
 - Level 2.0 Stealth
   Level 0.1 Shields
 + Level 1.0 Evocations


You had 10 spell levels left.
You didn't know any spells.

Dungeon Overview and Level Annotations

Branches:
Dungeon (10/16)            Temple (0/1) D:6            Lair (1/8) D:10
    Orc: D:9-12

Altars:
Elyvilon
Nemelex Xobeh
Trog
Xom

Shops:
D:7 /

Annotations:
D:6 exclusion: statue


Innate Abilities, Weirdness & Mutations

You have hoof-like feet.
You are mostly covered in icy blue scales (AC +3, EV -1).
You are very good at protecting items from fire.
A weak demonic guardian rushes to your aid.


Message History

You hear a mighty clap of thunder!
The bolt of lightning hits the polar bear.
The polar bear is almost dead.
You hear a bark!
The polar bear bites you.
* * * LOW HITPOINT WARNING * * *
The polar bear claws you but does no damage.
The polar bear bites you but does no damage.
The polar bear claws you but does no damage.
Drink which item? (? for menu, Esc to quit)
You feel much better. The polar bear bites you!
* * * LOW HITPOINT WARNING * * *
The polar bear claws you but does no damage.
The polar bear bites you!
* * * LOW HITPOINT WARNING * * *
The polar bear claws you but does no damage.
The polar bear barely misses you. The polar bear bites you!
* * * LOW HITPOINT WARNING * * *
The polar bear claws you.
You die...

###### ###....###
###...##...###
##...#.####U..##
##...###.# ##@5.#
#...###.###.U.###
##....####.Y###
##.#.### #...
##.%.## ##.
##..### ## #..###
##...#####
###..##.####


You could see 2 polar bears, a yak and a friendly lemure.

Vanquished Creatures
  A death yak (IceCv)
  Erolcha (D:8)
  Maurice (D:8)
  An item mimic (D:10)
  A spiny frog (Lair:1)
  2 komodo dragons (D:10)
  7 polar bears (IceCv)
  A troll (D:10)
  A wraith (D:10)
  A wyvern (D:10)
  13 yaks
  A hippogriff (D:7)
  2 hill giant skeletons
  11 wolves (IceCv)
  A manticore (D:9)
  3 yellow wasps
  2 ice beasts (D:6)
  3 orc warriors
  4 ogres
  3 sky beasts
  2 black bears
  3 centaurs
  Sigmund (D:2)
  6 giant frogs
  6 killer bees (D:7)
  A yak skeleton (D:10)
  5 crimson imps
  A goliath beetle (D:6)
  14 wights
  6 hounds
  3 quasits (D:10)
  2 jellies
  5 orc priests
  A centaur skeleton (D:4)
  An iron imp (D:5)
  13 orc wizards
  11 worker ants
  An orange rat (D:7)
  2 scorpions (D:9)
  Ijyb (D:4)
  An ogre skeleton (D:4)
  A brain worm zombie (D:9)
  A crocodile skeleton (D:9)
  A big kobold skeleton (D:8)
  A mummy (D:10)
  10 adders
  3 gnolls (D:7)
  2 worker ant zombies
  2 giant centipedes
  A shadow imp (D:3)
  3 green rats (D:7)
  7 worms
  10 white imps (Lair:1)
  An adder zombie (D:6)
  4 grey rats (D:7)
  2 giant eyeballs
  6 giant geckos
  45 orcs
  A ball python (D:2)
  18 bats
  4 giant cockroaches
  17 goblins
  15 hobgoblins
  4 jackals (D:4)
  15 kobolds
  4 quokkas
  A giant gecko skeleton (D:6)
  3 giant newts
  A hobgoblin skeleton (D:5)
  29 rats
  A rat zombie (D:8)
359 creatures vanquished.

Vanquished Creatures (collateral kills)
  Grinder (D:5)
  Prince Ribbit (D:5)
  Eustachio (D:5)
  A hungry ghost (D:10)
  A yak (D:10)
  The ghost of miro the Magician, an average DEWz (D:3)
  A phantom (D:6)
  A crimson imp (D:5)
  An orc priest (D:4)
  A lemure (D:5)
  2 white imps (Lair:1)
  2 orcs (D:8)
  A goblin (D:3)
  A bat (D:3)
  A rat (D:10)
17 creatures vanquished.

Vanquished Creatures (others)
  An ogre (D:10)
  7 crimson imps
  8 iron imps
  13 lemures
  6 white imps
  14 ufetubi
  A plant (D:10)
50 creatures vanquished.

Grand Total: 426 creatures vanquished

Notes
Turn   | Place    | Note
--------------------------------------------------------------
     0 | D:1      | Malachi, the Demonspawn Berserker, began the quest for the Orb.
     0 | D:1      | Reached XP level 1. HP: 18/18 MP: 1/1
     9 | D:1      | HP: 1/27 [kobold/short sword (2)]
   381 | D:1      | Gained mutation: You have large cloven feet. [demonic ancestry]
   381 | D:1      | Reached XP level 2. HP: 8/24 MP: 2/2
   962 | D:1      | Acquired Trog's second power
  1084 | D:1      | Gained mutation: A weak demonic guardian rushes to your aid. [demonic ancestry]
  1084 | D:1      | Reached XP level 3. HP: 29/29 MP: 3/3
  1996 | D:2      | Noticed Sigmund
  2004 | D:2      | Killed Sigmund
  2004 | D:2      | Reached XP level 4. HP: 35/35 MP: 4/4
  2121 | D:2      | Gained mutation: You are partially covered in icy blue scales (AC +1). [demonic ancestry]
  2121 | D:2      | Reached XP level 5. HP: 38/41 MP: 5/5
  2331 | D:3      | Noticed miro's ghost (average DEWz)
  2339 | D:3      | Killed miro's ghost
  2339 | D:3      | Reached skill level 4 in Axes
  2339 | D:3      | Reached XP level 6. HP: 48/48 MP: 6/6
  3160 | D:4      | Reached skill level 1 in Stealth
  3538 | D:4      | Noticed Ijyb
  3551 | D:4      | Killed Ijyb
  3551 | D:4      | Gained mutation: You are mostly covered in icy blue scales (AC +3, EV -1). [demonic ancestry]
  3551 | D:4      | Reached XP level 7. HP: 50/54 MP: 7/7
  3778 | D:4      | Found a sparkling altar of Nemelex Xobeh.
  3817 | D:4      | Acquired Trog's third power
  4089 | D:5      | Entered Level 5 of the Dungeon
  4216 | D:5      | Noticed Prince Ribbit
  4226 | D:5      | Killed Prince Ribbit
  4226 | D:5      | Reached skill level 5 in Axes
  4226 | D:5      | Reached skill level 5 in Dodging
  4440 | D:5      | Noticed Grinder
  4451 | D:5      | Killed Grinder
  4451 | D:5      | Gained mutation: You have hoof-like feet. [demonic ancestry]
  4451 | D:5      | Reached XP level 8. HP: 61/61 MP: 8/8
  4743 | D:5      | Noticed Eustachio
  4772 | D:5      | Killed Eustachio
  4859 | D:6      | Noticed a wizard statue
  4952 | D:6      | Reached skill level 6 in Dodging
  5028 | D:6      | Reached skill level 5 in Armour
  5307 | D:6      | Reached skill level 5 in Fighting
  5521 | D:6      | Gained mutation: You are very good at protecting items from fire. [demonic ancestry]
  5521 | D:6      | Reached XP level 9. HP: 68/68 MP: 9/9
  5532 | D:6      | Found a staircase to the Ecumenical Temple.
  6713 | D:7      | Found a shimmering altar of Xom.
  6770 | D:7      | Reached skill level 7 in Dodging
  7110 | D:7      | Found Gosivir's Magical Wand Emporium.
  7142 | D:7      | Found a bloodstained altar of Trog.
  7145 | D:7      | Received a gift from Trog
  7237 | D:7      | Identified a scroll of acquirement
  7240 | D:7      | Got a twisted buckler
  7246 | D:7      | Identified the -3 buckler of Resourcefulness {rElec rPois} (You acquired it on level 7 of the Dungeon)
  7465 | D:8      | Noticed Erolcha
  7472 | D:8      | Killed Erolcha
  7472 | D:8      | Reached XP level 10. HP: 77/77 MP: 3/10
  7648 | D:8      | Got a fine hand axe
  7662 | D:8      | Identified the +10,+4 hand axe "Blutseh" {venom, Dex+3} (You found it on level 8 of the Dungeon)
  7748 | D:8      | Noticed Maurice
  7760 | D:8      | Killed Maurice
  7851 | D:8      | Paralysed by a giant eyeball for 3 turns
  7917 | D:8      | Found a white marble altar of Elyvilon.
  8066 | D:9      | Reached skill level 8 in Axes
  8209 | D:9      | Received a gift from Trog
  8992 | D:10     | Entered Level 10 of the Dungeon
  9003 | D:10     | Found a staircase to the Lair.
  9012 | D:10     | Reached skill level 9 in Axes
 10062 | D:10     | Reached XP level 11. HP: 84/84 MP: 3/11
 10605 | D:10     | Reached skill level 10 in Axes
 10933 | Lair:1   | Entered Level 1 of the Lair of Beasts
 10949 | Lair:1   | Found a frozen archway.
 11008 | IceCv    | Entered an ice cave
 11340 | IceCv    | Reached skill level 1 in Evocations
 11375 | IceCv    | Received a gift from Trog
 11730 | IceCv    | Noticed a death yak
 11742 | IceCv    | Killed a death yak
 11865 | IceCv    | Reached skill level 11 in Axes
 11886 | IceCv    | HP: 2/87 [polar bear (8)]
 11886 | IceCv    | Slain by a polar bear

Action                   |  1- 3 |  4- 6 |  7- 9 | 10-12 || total
-------------------------+-------+-------+-------+-------++-------
Melee: Hand axe          |   111 |   185 |   187 |   111 ||   594
       Battleaxe         |       |       |   163 |     3 ||   166
       Broad axe         |       |       |    16 |     9 ||    25
       Executioner's axe |       |       |       |   279 ||   279
Invok: Berserk           |     3 |     3 |     8 |     7 ||    21
       Brothers in Arms  |       |       |       |     1 ||     1
Evoke: Wand              |       |       |     2 |     6 ||     8
  Use: Scroll            |     6 |       |     8 |     9 ||    23
       Potion            |       |       |     1 |     3 ||     4
 Stab: Distracted        |       |     1 |     1 |       ||     2
